 Dungeon Sprint DCSS version 0.30.1-11-g7821555f0a (webtiles) character file.

Game seed: 946020660226179221

3570 Heoruswealwe the Eclecticist (level 9, -3/45 HPs)
             Began as a Deep Elf Conjurer on Nov 1, 2023.
             Was the Champion of Vehumet.
             Shot with an arrow by a deep elf knight (20 damage)
             ... in the Dungeon (Sprint III: "The Ten Rune Challenge").
             The game lasted 00:22:16 (1529 turns).

Heoruswealwe the Eclecticist (Deep Elf Conjurer)    Turns: 1529, Time: 00:22:16

Health: -3/45      AC:  5    Str:  4    XL:     9   Next: 84%
Magic:  29/35      EV: 13    Int: 28    God:    Vehumet [******]
Gold:   2294       SH:  0    Dex: 13    Spells: 24/48 levels left

rFire   + . .        a - +2 long sword (holy)
rCold   . . .        (no shield)
rNeg    . . .        c - +2 robe {rF+}
rPois   .            (no helmet)
rElec   .            h - +0 cloak
rCorr   .            (no gloves)
SInv    .            (no boots)
Will    .....        (no amulet)
Stlth   ++           (no ring)
HPRegen 0.27/turn    (no ring)
MPRegen 0.24/turn

%: no teleportation
@: no status effects
A: no striking features
a: Renounce Religion


You were in the Dungeon.
You worshipped Vehumet.
Vehumet was exalted by your worship.
You visited 1 branch You collected 2805 gold pieces.
You spent 511 gold pieces at shops.

Inventory:

Hand Weapons
 a - a +2 long sword of holy wrath (weapon)
Armour
 c - a +2 robe of fire resistance (worn)
 h - a +0 cloak (worn)
Wands
 i - a wand of flame (7)
 j - a wand of iceblast (11)
Scrolls
 g - 2 scrolls of blinking
 k - 2 scrolls of identify
 n - a scroll of fear
 o - a scroll of enchant armour
 p - a scroll of enchant weapon
Potions
 b - 3 potions of magic
 d - a potion of heal wounds
 e - 3 potions of haste
 f - 2 potions of curing
 m - 6 potions of mutation
Miscellaneous
 l - a phantom mirror


   Skills:
 - Level 3.1 Dodging
 - Level 2.9 Stealth
 + Level 20.1 Spellcasting
 + Level 18.1 Conjurations


You had 24 spell levels left.
You knew the following spells:

 Your Spells              Type           Power      Damage    Failure   Level
a - Magic Dart            Conj           100%       1d8       0%          1
b - Kiss of Death         Conj/Necr      100%       2d13      1%          1
c - Searing Ray           Conj           100%       2d8       0%          2
d - Hailstorm             Conj/Ice       68%        3d14      1%          3
e - Dazzling Flash        Conj/Hex       100%       N/A       1%          3
f - Iskenderun's Mystic   Conj/Tloc      68%        2d14      1%          4
g - Fulminant Prism       Conj/Hex       34%        3d15      1%          4
h - Starburst             Conj/Fire      34%        6d10      1%          6

Your spell library contained the following spells:

 Spells                   Type           Power      Damage    Failure   Level
 Olgreb's Toxic Radiance  Pois           28%        N/A       4%          4
 Volatile Blastmotes      Fire/Tloc      56%        2d14      1%          3
 Ice Form                 Ice/Tmut       28%        N/A       14%         4
 Simulacrum               Ice/Necr       14%        N/A       91%         6


Dungeon Overview and Level Annotations

Branches:
Dungeon (1/1)

Altars:
Cheibriados
Dithmenos
Elyvilon
Fedhas
Gozag
Hepliaklqana
Kikubaaqudgha
Makhleb
Nemelex Xobeh
Okawaru
Qazlal
Ru
Sif Muna
Trog
Uskayaw
Vehumet
Wu Jian
Xom
Yredelemnul
Zin
The Shining One
Jiyva
Lugonu

Shops:
D *


Message History

You feel resistant to fire.
You now have 2708 gold pieces (gained 541).
Items here: )) [[.
Okay, then.
You now have 2717 gold pieces (gained 9).
You now have 2730 gold pieces (gained 13).
You now have 2745 gold pieces (gained 15).
You now have 2760 gold pieces (gained 15).
You now have 2772 gold pieces (gained 12).
You now have 2777 gold pieces (gained 5).
You now have 2787 gold pieces (gained 10).
You now have 2794 gold pieces (gained 7).
You now have 2805 gold pieces (gained 11).
There is an entrance to Jiwod's General Store here.
n - a scroll of fear;
o - a scroll of enchant armour
k - 2 scrolls of identify (gained 1);
m - 6 potions of mutation (gained 1)
g - 2 scrolls of blinking (gained 1);
p - a scroll of enchant weapon Thank you for shopping at Jiwod's General Store!
Okay, then.
You open the door.
The deep elf pyromancer shouts!
The deep elf knight shouts!
The deep elf zephyrmancer shouts!
There is an open door to the Elven Halls here.
A deep elf pyromancer opens the door.
The deep elf knight unwields a +0 scimitar.
The deep elf knight wields a +0 shortbow.
The deep elf knight shoots an arrow.
The arrow hits you!
There is an open door to the Elven Halls here.
The deep elf knight shoots an arrow.
The arrow hits you!!
The deep elf zephyrmancer mumbles some strange words.
The deep elf zephyrmancer blinks!
The deep elf knight shoots an arrow.
The arrow closely misses you.
Casting: Iskenderun's Mystic Blast (safe; 1% risk of failure)
Confirm with . or Enter, or press ? or * to list all spells.
The spell is quite dangerous to miscast (1% risk of failure)!
Continue anyway?
Casting: Starburst (quite dangerous; 1% risk of failure)
Press: ? - help, Dir - look around, f - activate The bolt of fire misses the deep elf knight.
The deep elf knight shoots an arrow.
The arrow hits you!!
You die...

▓▓▓ ▓▓▓▓▓▓
########.#####.##.#######
#___#__#.#∩##.##@.ee#e..#
#__.#[_#.........##e#.e.##≈
#'###'##........###.#...≈≈≈
.......#).........#e#...##≈
.......#[##.#..##.#.'e..#
######'#.)..##..#########
#__#...#)#####################
#__#...#....#.#.#.....#^.^..^+
#__#...##.#..#.##)###.#.^....#


You could see 2 deep elf knights, 2 deep elf pyromancers and a deep elf
zephyrmancer.

Vanquished Creatures
  Erolcha (D)
  A deep elf pyromancer (D)
  An orc sorcerer (D)
  A shadow (D)
  2 redbacks (D)
  A spatial vortex (D)
  2 orc warriors (D)
  5 two-headed ogres (D)
  A necrophage (D)
  A water elemental (D)
  A jelly (D)
  Crazy Yiuf (D)
  An orc priest (D)
  A wizard (D)
  Jessica (D)
  3 orc wizards (D)
  A necromancer (D)
  3 humans (D)
  A kobold demonologist (D)
  11 orcs (D)
  3 rats (D)
43 creatures vanquished.

Vanquished Creatures (others)
  A fulminant prism (D)
1 creature vanquished.

Grand Total: 44 creatures vanquished

Notes
Turn   | Place    | Note
-------+----------+-------------------------------------------
     0 | D        | Heoruswealwe the Deep Elf Conjurer began the quest for the
                  | Orb.
     0 | D        | Reached XP level 1. HP: 10/10 MP: 6/6
    26 | D        | Noticed Jessica
    28 | D        | Killed Jessica
    29 | D        | Reached XP level 2. HP: 15/15 MP: 4/8
    35 | D        | Learned a level 2 spell: Searing Ray
    41 | D        | Reached skill level 4 in Spellcasting
    86 | D        | Reached skill level 5 in Spellcasting
    86 | D        | Reached XP level 3. HP: 9/19 MP: 0/11
   176 | D        | Noticed Crazy Yiuf
   179 | D        | Killed Crazy Yiuf
   180 | D        | Reached skill level 6 in Spellcasting
   180 | D        | Reached XP level 4. HP: 11/24 MP: 8/14
   299 | D        | Learned a level 3 spell: Dazzling Flash
   303 | D        | Learned a level 3 spell: Hailstorm
   308 | D        | Learned a level 4 spell: Fulminant Prism
   308 | D        | Noticed a water elemental
   312 | D        | Killed a water elemental
   313 | D        | Reached skill level 8 in Spellcasting
   361 | D        | Found a radiant altar of Vehumet.
   361 | D        | Found a shimmering blue altar of Sif Muna.
   361 | D        | Found an ancient bone altar of Kikubaaqudgha.
   361 | D        | Noticed a wizard
   363 | D        | Killed a wizard
   364 | D        | Reached XP level 5. HP: 28/28 MP: 14/18
   365 | D        | Reached skill level 9 in Spellcasting
   365 | D        | Reached skill level 10 in Conjurations
   401 | D        | Became a worshipper of Vehumet
   469 | D        | Learned a level 4 spell: Iskenderun's Mystic Blast
   469 | D        | Found a glowing silver altar of Zin.
   469 | D        | Found a glowing golden altar of the Shining One.
   469 | D        | Found a white marble altar of Elyvilon.
   470 | D        | Noticed a deep elf pyromancer
   475 | D        | Noticed a fire elemental
   475 | D        | Noticed a fire elemental
   477 | D        | Killed a deep elf pyromancer
   478 | D        | Reached skill level 13 in Spellcasting
   478 | D        | Reached XP level 6. HP: 10/32 MP: 5/24
   478 | D        | Reached XP level 7. HP: 12/36 MP: 5/26
   598 | D        | Found a hide-covered altar of Uskayaw.
   598 | D        | Found an iron altar of Okawaru.
   598 | D        | Found a bloodstained altar of Trog.
   598 | D        | Found an ornate altar of the Wu Jian Council.
   598 | D        | Noticed a human
   599 | D        | Noticed a human
   602 | D        | Killed a human
   602 | D        | Killed a human
   602 | D        | Reached * piety under Vehumet
   602 | D        | Offered knowledge of Kiss of Death by Vehumet.
   603 | D        | Reached skill level 14 in Spellcasting
   669 | D        | Found a basalt altar of Yredelemnul.
   669 | D        | Found a shadowy altar of Dithmenos.
   669 | D        | Found a sacrificial altar of Ru.
   671 | D        | Reached skill level 15 in Spellcasting
   675 | D        | Learned a level 1 spell: Kiss of Death
   730 | D        | Noticed a shadow
   733 | D        | Killed a shadow
   733 | D        | Offered knowledge of Scorch by Vehumet.
   733 | D        | Reached ** piety under Vehumet
   734 | D        | Reached XP level 8. HP: 41/41 MP: 15/29
   829 | D        | Learned a level 6 spell: Starburst
   829 | D        | Found a blossoming altar of Fedhas.
   829 | D        | Found a stormy altar of Qazlal.
   829 | D        | Found a snail-covered altar of Cheibriados.
   829 | D        | Found a burning altar of Makhleb.
   829 | D        | Found a shimmering altar of Xom.
   831 | D        | Found a hazy altar of Hepliaklqana.
   831 | D        | Found an opulent altar of Gozag.
   831 | D        | Found a sparkling altar of Nemelex Xobeh.
   831 | D        | Found a corrupted altar of Lugonu.
   831 | D        | Found a viscous altar of Jiyva.
   842 | D        | Reached skill level 16 in Spellcasting
   842 | D        | Reached skill level 15 in Conjurations
   953 | D        | Offered knowledge of Frozen Ramparts by Vehumet.
   956 | D        | Reached *** piety under Vehumet
  1076 | D        | Noticed a two-headed ogre
  1082 | D        | Killed a two-headed ogre
  1083 | D        | Reached skill level 17 in Spellcasting
  1172 | D        | Noticed a two-headed ogre
  1172 | D        | Noticed Erolcha
  1175 | D        | Killed Erolcha
  1175 | D        | Offered knowledge of Olgreb's Toxic Radiance by Vehumet.
  1175 | D        | Killed a two-headed ogre
  1175 | D        | Reached **** piety under Vehumet
  1176 | D        | Reached skill level 18 in Spellcasting
  1176 | D        | Reached XP level 9. HP: 45/45 MP: 22/33
  1251 | D        | Reached skill level 19 in Spellcasting
  1275 | D        | Found Jiwod's General Store.
  1276 | D        | Noticed an orc sorcerer
  1277 | D        | Noticed a hellwing
  1283 | D        | HP: 1/45 [hellwing[an orc sorcerer] (4)]
  1286 | D        | Reached ***** piety under Vehumet
  1288 | D        | Killed an orc sorcerer
  1293 | D        | Reached ****** piety under Vehumet
  1294 | D        | Reached skill level 20 in Spellcasting
  1502 | D        | Bought a scroll of fear for 56 gold pieces
  1502 | D        | Bought a scroll of enchant armour for 105 gold pieces
  1502 | D        | Bought a scroll of identify for 28 gold pieces
  1502 | D        | Bought a potion of mutation for 112 gold pieces
  1502 | D        | Bought a scroll of blinking for 105 gold pieces
  1502 | D        | Bought a scroll of enchant weapon for 105 gold pieces
  1510 | D        | Noticed a deep elf knight
  1510 | D        | Noticed a deep elf zephyrmancer
  1510 | D        | Noticed a deep elf pyromancer
  1510 | D        | Noticed a deep elf knight
  1510 | D        | Noticed a deep elf pyromancer
  1529 | D        | Shot with an arrow by a deep elf knight

Illustrated notes

Levels and vault maps discovered:
D:        dungeon_sprint_mu [sprint_mu_entry_cave, sprint_mu_temple_rooms,
          sprint_mu_d1_spiders, sprint_mu_d2_genie, sprint_mu_d3_branching,
          sprint_mu_orc_legion, sprint_mu_elf_gauntlet, sprint_mu_hive_nellie,
          sprint_mu_lair_fedhas, sprint_mu_vaults_butterflies,
          sprint_mu_slime_circle, sprint_mu_shoals_archi,
          sprint_mu_snake_twists, sprint_mu_blade_basic,
          sprint_mu_crypt_fortress, sprint_mu_tomb_spiral,
          sprint_mu_vestibule_basic, sprint_mu_gehenna_hellfire,
          sprint_mu_dis_giant, sprint_mu_tartarus_statrot,
          sprint_mu_cocytus_islands, sprint_mu_zot1]

Skill      XL: |  1  2  3  4  5  6  7  8  9 |
---------------+----------------------------+-----
Dodging        | 3 |  3.1
Conjurations   | 7 8 9 13 14 17 18 | 18.1
Spellcasting   | 5 6 8 13 15 18 20 | 20.1
Stealth        | |  2.9

Action                     |  1- 3 |  4- 6 |  7- 9 || total
---------------------------+-------+-------+-------++-------
   Cast: Magic Dart        |     7 |       |       ||     7
         Searing Ray       |     3 |     4 |     3 ||    10
         Iskenderun's Myst |       |     1 |    35 ||    36
         Hailstorm         |       |     1 |     7 ||     8
         Fulminant Prism   |       |       |     1 ||     1
         Starburst         |       |       |     1 ||     1
    Use: Scroll            |       |     2 |       ||     2
         Potion            |       |       |     2 ||     2
 Armour: Robe              |       |     1 |       ||     1
  Dodge: Dodged            |     3 |     4 |     8 ||    15
